 Dungeon Crawl Stone Soup version 0.30-a0-1157-g2cc9ac7196 (webtiles) character file.

Game seed: 5547495968511142901

869 Jeffwins the Firebug (level 8, -3/52 HPs)
             Began as a Human Wanderer on Apr 24, 2023.
             Slain by a centaur
             ... wielding a +0 falchion
              (11 damage)
             ... on level 5 of the Dungeon.
             The game lasted 00:09:11 (5499 turns).

Jeffwins the Firebug (Human Wanderer)               Turns: 5499, Time: 00:09:12

Health: -3/52      AC:  6    Str: 11    XL:     8   Next: 24%
Magic:  12/14      EV: 10    Int: 18    God:
Gold:   222        SH:  0    Dex: 17    Spells: 7/16 levels left

rFire   . . .        C - +5 hand axe "Dragonslayer" {vamp, rElec}
rCold   . . .        (no shield)
rNeg    . . .        c - +0 ring mail
rPois   .            m - +0 helmet
rElec   +            (no cloak)
rCorr   .            (no gloves)
SInv    +            (no boots)
Will    .....        (no amulet)
Stlth   ++           v - ring of see invisible
HPRegen 0.28/turn    X - +6 ring of dexterity
MPRegen 0.14/turn

%: no passive effects
@: brilliant, very slightly contaminated
A: no striking features
a: no special abilities


You were on level 5 of the Dungeon.
You visited 1 branch of the dungeon, and saw 5 of its levels.

You collected 222 gold pieces.


   Skills:
 + Level 0.4 Throwing
 - Level 1.0 Armour
 - Level 1.0 Dodging
 + Level 3.2 Stealth
 * Level 4.6 Spellcasting
 * Level 4.4 Conjurations
 * Level 5.1 Fire Magic
 - Level 3.0 Air Magic
 - Level 1.0 Evocations


You had 7 spell levels left.
You knew the following spells:

 Your Spells              Type           Power      Damage    Failure   Level
y - Sticky Flame          Conj/Fire      31%        2d5       41%         4
z - Foxfire               Conj/Fire      100%       2x1d9     4%          1
X - Flame Wave            Conj/Fire      31%        2d9       41%         4

Your spell library contained the following spells:

 Spells                   Type           Power      Damage    Failure   Level
 Shock                    Conj/Air       100%       1d9       7%          1
 Volatile Blastmotes      Fire/Tloc      40%        2d13      34%         3
 Dazzling Flash           Conj/Hex       36%        N/A       36%         3
 Vhi's Electric Charge    Tloc/Air       28%        N/A       47%         3
 Iskenderun's Mystic Bla  Conj/Tloc      18%        2d6       78%         4
 Starburst                Conj/Fire      15%        6d6       100%        6

Inventory:

Hand Weapons
 a - a +0 dagger of venom
 x - a +2 heavy falchion
 A - a +1 morningstar of holy wrath
 C - the +5 hand axe "Dragonslayer" (weapon) {vamp, rElec}
   (You took it off an orc on level 5 of the Dungeon)

   rElec:     It insulates you from electricity.
Missiles
 o - 36 poisoned darts (quivered)
 y - a curare-tipped dart {=f}
Armour
 c - a +0 ring mail (worn)
 l - a +0 leather armour
 m - a +0 helmet (worn)
Jewellery
 v - a ring of see invisible (left hand)
 F - a ring of fire
 X - a +6 ring of dexterity (right hand)
Scrolls
 b - 3 scrolls of fear
 d - a scroll of amnesia {unknown}
 e - 2 scrolls of vulnerability {unknown}
 f - a scroll of magic mapping {unknown}
 g - 3 scrolls of immolation {unknown}
 h - 2 scrolls of teleportation {unknown}
 i - 2 scrolls of noise {unknown}
 j - a scroll of identify {@r1}
 p - a scroll of blinking
 q - a scroll of poison {!r}
 u - a scroll of summoning {unknown}
 w - a scroll of enchant armour {unknown}
Potions
 k - a potion of brilliance
 n - a potion of flight {unknown}
 r - a potion of lignification {unknown}
 s - a potion of attraction {unknown}
 t - a potion of curing {@q1}
 z - a potion of cancellation {unknown}
 B - a potion of mutation {unknown}

Dungeon Overview and Level Annotations

Branches:
Dungeon (5/15)
 Temple: D:4-7

Altars:

Annotations:
D:4 1 runed translucent door, Crazy Yiuf

#.## #.# #.# ..# #.# ###
#.#### #..... ####..#
#.....#
######.##.##########.###
...............)@.......
.#####...##.####c.......
.### ###.##.# #........
...# #.##.. .........
##.# #.##### ##.......
#.# #.# ....... #.# #.#
....... #.# #.# #######
#.# #.#


You could see a centaur.


Message History

Nothing appears to happen.
The centaur closely misses you.
The centaur kicks you but does no damage.
The centaur hits you with a +0 falchion.
* * * LOW HITPOINT WARNING * * *
The centaur barely misses you.
Unknown command.
Casting: Foxfire (safe; 4% risk of failure)
Confirm with . or Enter, or press ? or * to list all spells.
You conjure some foxfire!
The centaur hits you with a +0 falchion!
* * * LOW HITPOINT WARNING * * *
The centaur kicks you but does no damage.
Unknown command.
Unknown command.
It was a potion of brilliance.
You feel clever all of a sudden.
The foxfire hits the centaur.
The centaur is lightly wounded.
The foxfire hits the centaur but does no damage.
The centaur is lightly wounded.
The centaur hits you with a +0 falchion.
* * * LOW HITPOINT WARNING * * *
The centaur kicks you.
* * * LOW HITPOINT WARNING * * *
The centaur hits you with a +0 falchion.
* * * LOW HITPOINT WARNING * * *
The centaur kicks you but does no damage.
It was a potion of curing.
You feel better.
The centaur hits you with a +0 falchion!
You die...

Skill      XL: |  1  2  3  4  5  6  7  8 |
---------------+-------------------------+-----
Conjurations   | 1 2 3 4 |  4.4
Stealth        | 1 2 3 |  3.2
Fire Magic     | 3 4 5 |  5.1
Spellcasting   | 3 4 |  4.6
Throwing       | |  0.4
Armour         | |  1.0
Dodging        | |  1.0
Air Magic      | |  3.0
Evocations     | |  1.0

Action                     |  1- 3 |  4- 6 |  7- 9 || total
---------------------------+-------+-------+-------++-------
  Melee: Club              |    12 |       |       ||    12
         Punch             |     1 |     1 |     1 ||     3
         Dagger            |    57 |    49 |    77 ||   183
         Hand axe          |       |       |    22 ||    22
  Throw: Dart              |       |       |     2 ||     2
   Cast: Foxfire           |    14 |    39 |    78 ||   131
    Use: Scroll            |       |     3 |       ||     3
         Potion            |       |       |     2 ||     2
   Stab: Sleeping          |       |     1 |       ||     1
 Armour: Ring mail         |    30 |    19 |    54 ||   103
  Dodge: Dodged            |    53 |    31 |    64 ||   148

Levels and vault maps discovered:
D:1:      matt_arrival_spirals, layout_basic, corexii_item_surrounded_by_moat,
          nicolae_eternal_life
D:2:      layout_basic, uniq_jessica, uniq_robin
D:3:      layout_basic, uniq_grinder, uniq_terence, uniq_natasha
D:4:      kennysheep_kobold_camp, layout_basic, minivault_19,
          hangedman_feature_mirror, nicolae_concentric_dashed_squares_wild,
          uniq_crazy_yiuf_cottage, uniq_eustachio
D:5:      minmay_inner_zag, layout_loops_ring, temple_hall, uniq_prince_ribbit1

Notes
Turn   | Place    | Note
-------+----------+-------------------------------------------
     0 | D:1      | Jeffwins the Human Wanderer began the quest for the Orb.
     0 | D:1      | Jeffwins set off with the following items: a +0 club, a
                  | scroll of fear, a +0 ring mail; and the following spells
                  | available to memorise: Shock, Foxfire, Vhi's Electric
                  | Charge, Flame Wave, Sticky Flame.
     0 | D:1      | Reached XP level 1. HP: 13/13 MP: 3/3
     2 | D:1      | Learned a level 1 spell: Foxfire
    91 | D:1      | Reached XP level 2. HP: 17/19 MP: 1/5
   698 | D:1      | Reached skill level 1 in Conjurations
   698 | D:1      | Reached XP level 3. HP: 24/24 MP: 6/6
  1057 | D:2      | Noticed Robin
  1067 | D:1      | Killed Robin
  1068 | D:1      | Reached skill level 1 in Stealth
  1178 | D:2      | Reached XP level 4. HP: 28/29 MP: 7/7
  1192 | D:2      | Learned a level 4 spell: Flame Wave
  1340 | D:2      | Noticed Jessica
  1352 | D:2      | Killed Jessica
  1353 | D:2      | Reached skill level 3 in Fire Magic
  2104 | D:3      | Reached skill level 2 in Conjurations
  2104 | D:3      | Reached XP level 5. HP: 34/35 MP: 9/9
  2157 | D:3      | Noticed Terence
  2292 | D:3      | Noticed Grinder
  2313 | D:3      | Paralysed by Grinder for 3 turns
  2318 | D:3      | Killed Grinder
  2319 | D:3      | Reached skill level 2 in Stealth
  2319 | D:3      | Reached skill level 3 in Spellcasting
  2319 | D:3      | Reached skill level 3 in Conjurations
  2319 | D:3      | Reached XP level 6. HP: 6/41 MP: 0/11
  2497 | D:3      | Killed Terence
  2498 | D:3      | Reached skill level 4 in Fire Magic
  2784 | D:3      | Reached XP level 7. HP: 27/46 MP: 5/12
  3084 | D:3      | Noticed Natasha
  3088 | D:3      | Killed Natasha
  3297 | D:3      | Noticed Natasha
  3302 | D:3      | Killed Natasha
  3458 | D:3      | Noticed Natasha
  3466 | D:3      | Killed Natasha
  3467 | D:3      | Reached skill level 4 in Spellcasting
  3743 | D:4      | Noticed Eustachio
  3764 | D:4      | Killed Eustachio
  3883 | D:4      | Reached skill level 4 in Conjurations
  3886 | D:4      | Reached skill level 3 in Stealth
  4316 | D:4      | Found a runed translucent door.
  4325 | D:4      | Noticed Crazy Yiuf
  4436 | D:4      | Reached XP level 8. HP: 50/52 MP: 1/14
  4859 | D:4      | Reached skill level 5 in Fire Magic
  5117 | D:5      | Entered Level 5 of the Dungeon
  5218 | D:5      | Learned a level 4 spell: Sticky Flame
  5241 | D:5      | Identified the +5 hand axe "Dragonslayer" {vamp, rElec}
  5498 | D:5      | HP: 5/52 [centaur/+0 falchion (3)]
  5498 | D:5      | HP: 1/52 [centaur/+0 falchion (3)]
  5499 | D:5      | Slain by a centaur

Vanquished Creatures
  Grinder (D:3)
  Eustachio (D:4)
  A kobold brigand (D:4)
  A hound (D:4)
  4 orc priests
  Jessica (D:2)
  Natasha (thrice) (D:3)
  Terence (D:3)
  2 orc wizards (D:5)
  Robin (D:1)
  4 adders
  A worm (D:2)
  2 dart slugs (D:1)
  9 orcs
  6 endoplasms
  4 giant cockroaches
  8 goblins
  3 hobgoblins
  3 jackals
  24 kobolds
  2 quokkas
  7 ball pythons
  5 bats
  A frilled lizard (D:3)
  2 rats (D:1)
97 creatures vanquished.

Vanquished Creatures (collateral kills)
  3 foxfires (D:4)
3 creatures vanquished.

Vanquished Creatures (others)
  223 foxfires
  50 plants (D:4)
273 creatures vanquished.

Grand Total: 373 creatures vanquished

Table legend: (Time is in decaauts)
 A = Elapsed time spent in this place.
 B = Non-inter-level travel time spent in this place.
 C = Inter-level travel time spent in this place.
 D = Time resting spent in this place.
 E = Time spent auto-exploring this place.
 F = Levels seen in this place.
 G = Mean time per level.
                   A        B        C        D        E       F      G
               +--------+--------+--------+--------+--------+-----+--------+
         Total |   5506 |   5264 |    242 |    386 |   4008 |   5 | 1101.2 |
       Dungeon |   5506 |   5264 |    242 |    386 |   4008 |   5 | 1101.2 |
               +--------+--------+--------+--------+--------+-----+--------+

Top non-repeatable levels by time:
     D:4: 1647 daAuts
     D:3: 1520 daAuts
     D:1: 1076 daAuts
     D:2: 874 daAuts
     D:5: 387 daAuts

Table legend:
 A = Non-vault XP
 B = Vault XP
 C = Vault XP percentage of total XP
 D = Non-vault monster count
 E = Vault monster count
 F = Vault count percentage of total count
                 A         B        C        D         E       F
            +---------+---------+-------+---------+---------+-------
      Total |     484 |     758 |  61.0 |      62 |      35 |  36.1
            +---------+---------+-------+---------+---------+-------
        D:1 |      34 |      15 |  30.6 |      18 |       1 |   5.3
        D:2 |      31 |      45 |  59.2 |      10 |       5 |  33.3
        D:3 |     196 |     358 |  64.6 |      20 |       3 |  13.0
        D:4 |      96 |     340 |  78.0 |       6 |      26 |  81.2
        D:5 |     127 |       0 |   0.0 |       8 |       0 |   0.0
            +---------+---------+-------+---------+---------+-------
